Map: Proxima Station LE

Players

Dark - Winner!

  • Race: Zerg Zerg
  • League: Grandmaster
  • Spawn Location: 1:00

INnoVation

  • Race: Terran Terran
  • League: Grandmaster
  • Spawn Location: 7:00

Event: Polygon Gaming Invitational #10

VOD

https://www.youtube.com/watch?v=prNtzAMCypQ&list=PL9QsjkBYtQM4FOph0oThEnvgqxfCQmaLv&index=3

Description

Opening on Proxima Station, INnoVation opens with the expected three rax reaper. His opponent Dark goes for the hard counter build, as always, pool gas before hatch. Dark knows his opponent very well and his defenses are in place. Find out why three rax reaper is NOT an all-in, and how to spot the transition with Coach Seeker and his assistant NoveaStar!

Time

  • Played on: March 29, 2017, 11:54 p.m.
  • Length: 12:20

All games in this series

Show
View Real Time Build Order
Export as new Build Order

Dark Zerg - Winner!

Build Orders: Pool First, Muta Ling Bane 

Get SALT Encoding   

  12  0:00  Drone  
  13  0:14  Overlord  
  13  0:16  Drone  
  14  0:33  Drone x2  
  16  0:36  Drone  
  17  0:48  Extractor  
  16  0:51  Drone, Spawning Pool  
  16  0:58  Drone  
  17  1:09  Drone  
  18  1:21  Hatchery  
  18  1:23  Drone  
  18  1:31  Drone  
  19  1:38  Queen  
  21  1:42  Zergling x2  
  22  1:49  Metabolic Boost  
  22  2:01  Overlord  
  22  2:18  Queen  
  22  2:22  Drone x2  
  26  2:33  Queen  
  27  2:41  Spine Crawler  
  27  2:42  Drone  
  27  2:43  Zergling x4  
  29  2:48  Drone  
  29  2:49  Zergling x4  
  29  2:50  Zergling x2  
  33  3:00  Drone  
  33  3:01  Drone  
  34  3:06  Drone  
  33  3:17  Drone  
  33  3:19  Drone  
  34  3:20  Queen  
  34  3:24  Overlord  
  36  3:39  Hatchery  
  35  3:42  Drone  
  35  3:43  Drone x3  
  35  3:46  Drone  
  35  3:48  Drone  
  41  3:51  Drone x2  
  44  3:55  Drone  
  44  4:00  Overlord  
  44  4:05  Overlord  
  44  4:08  Overlord  
  44  4:13  Overlord  
  44  4:19  Zergling x2  
  44  4:20  Drone  
  44  4:21  Zergling x4  
  44  4:22  Zergling x2  
  49  4:24  Drone  
  50  4:32  Drone x3  
  50  4:35  Drone  
  54  4:40  Drone  
  55  4:49  Evolution Chamber x2  
  55  4:51  Drone x2, Queen  
  55  4:52  Drone  
  58  4:57  Drone  
  58  4:58  Extractor  
  58  5:03  Drone  
  58  5:04  Drone x4  
  63  5:07  Drone  
  63  5:10  Lair  
  64  5:15  Drone, Zerg Melee Weapons Level 1, Zerg Ground Armor Level 1  
  64  5:18  Drone x2  
  64  5:19  Drone x2  
  69  5:21  Drone  
  69  5:25  Baneling Nest  
  69  5:26  Drone  
  70  5:32  Overlord  
  70  5:33  Drone  
  70  5:34  Drone  
  72  5:38  Drone, Extractor  
  72  5:39  Extractor  
  72  5:41  Drone x3, Extractor  
  72  5:42  Extractor  
  72  5:43  Drone  
  72  5:45  Drone  
  72  5:46  Drone x3  
  72  5:49  Overlord  
  77  5:55  Drone  
  78  5:58  Drone  
  78  6:00  Hatchery  
  78  6:10  Drone  
  79  6:11  Drone  
  79  6:12  Drone x4  
  79  6:16  Drone  
  79  6:17  Centrifical Hooks  
  85  6:18  Zergling x4  
  85  6:19  Overlord, Zergling x2  
  85  6:23  Overlord x2  
  88  6:32  Hatchery  
  87  6:38  Zergling x6  
  87  6:39  Baneling x3, Spire  
  89  6:41  Zergling x4  
  89  6:45  Zergling x6  
  94  6:48  Baneling x4  
  94  6:50  Zergling x6  
  97  6:54  Zergling x8  
  97  6:55  Zergling x2  
  97  6:57  Baneling x3  
  97  6:58  Zergling x2  
  97  6:59  Zergling x2  
  104  7:03  Zergling x4  
  106  7:14  Zergling x12  
  112  7:15  Zergling x6  
  104  7:32  Zerg Melee Weapons Level 2  
  104  7:33  Drone, Zerg Ground Armor Level 2  
  104  7:34  Drone x8  
  113  7:39  Queen  
  113  7:41  Drone  
  113  7:43  Overseer  
  116  7:44  Overlord x4  
  111  7:59  Mutalisk x6  
  111  8:02  Drone  
  124  8:09  Mutalisk x5  
  124  8:12  Overseer  
  133  8:13  Drone x3  
  133  8:14  Extractor  
  135  8:20  Queen  
  137  8:29  Pneumatized Carapace  
  137  8:30  Zerg Flyer Weapons Level 1  
  137  8:36  Zergling x6  
  137  8:37  Zergling x14  
  145  8:44  Mutalisk x2  
  145  8:45  Mutalisk x2  
  145  8:46  Zergling x2  
  145  8:47  Zergling x2  
  140  9:03  Mutalisk x3  
  140  9:05  Zergling x22  
  140  9:09  Overlord  
  157  9:17  Overlord  
  157  9:18  Overlord  
  157  9:19  Overlord  
  157  9:21  Overlord  
  157  9:26  Queen  
  157  9:27  Baneling x7  
  157  9:29  Drone  
  161  9:31  Zergling x10  
  161  9:34  Overlord x3  
  161  9:35  Overlord x2  
  161  9:37  Burrow  
  165  9:41  Extractor  
  165  9:43  Zergling x14  
  172  9:51  Zergling x6  
  173  10:02  Zergling x12  
  173  10:04  Zergling x2  
  153  10:18  Zergling x6  
  153  10:21  Zergling x22  
  151  10:25  Mutalisk x3  
  151  10:28  Zergling x10  
  161  10:32  Zergling x4  
  161  10:34  Drone  
  161  10:35  Zergling x2  
  163  10:37  Zergling x2  
  163  10:41  Zergling x2  
  165  10:43  Baneling x10  
  165  10:47  Mutalisk x4  
  173  10:50  Hatchery, Mutalisk  
  173  10:54  Mutalisk, Infestation Pit  
  173  10:55  Mutalisk x2  
  179  10:58  Baneling x7  
  179  10:59  Zergling x2  
  179  11:03  Zergling x16  
  179  11:04  Zergling x8  
  191  11:12  Baneling x4  
  191  11:13  Baneling x6  
  190  11:18  Zergling x6  
  190  11:19  Zergling x10  
  198  11:26  Baneling  
  198  11:27  Baneling x11  
  198  11:29  Zergling x4  
  194  11:40  Zergling x2  
  194  11:42  Zergling x10  
  194  11:46  Zergling x4  
  199  11:47  Zergling x2  
  199  11:48  Baneling x4, Zergling x4  
  199  11:49  Baneling x6  
  199  11:53  Zergling x4  
  199  11:54  Zergling x14  
  189  11:55  Zergling x2  
  189  11:59  Zergling x2  
  189  12:00  Baneling x2  
  189  12:01  Baneling x2  
Show
View Real Time Build Order
Export as new Build Order

INnoVation Terran 

Build Orders: MMM Bio 

Get SALT Encoding   

  12  0:00  SCV  
  13  0:12  SCV  
  14  0:17  Supply Depot  
  14  0:24  SCV  
  14  0:27  Refinery  
  15  0:39  SCV  
  16  0:44  Barracks  
  16  0:51  SCV  
  17  1:03  SCV  
  18  1:06  Barracks  
  18  1:15  SCV  
  19  1:22  Barracks  
  19  1:31  Reaper  
  20  1:38  Orbital Command  
  20  1:52  Supply Depot  
  20  1:54  Reaper  
  21  1:56  Refinery  
  21  2:03  Reaper  
  22  2:08  Reaper  
  22  2:14  SCV  
  24  2:16  Supply Depot  
  24  2:26  SCV, Reaper  
  26  2:35  Reaper  
  27  2:38  SCV  
  27  2:41  Reaper  
  29  2:50  SCV  
  30  2:58  Reaper  
  31  3:03  SCV  
  32  3:07  Reaper  
  32  3:09  Command Center  
  32  3:13  Reaper  
  32  3:18  SCV  
  33  3:25  Supply Depot  
  33  3:30  Reaper  
  33  3:31  SCV  
  35  3:39  Reaper  
  36  3:43  SCV  
  36  3:45  Reaper  
  38  3:54  Command Center  
  38  3:57  SCV  
  38  4:02  Barracks Tech Lab  
  39  4:09  SCV  
  40  4:11  Barracks Reactor  
  40  4:17  Barracks Reactor  
  40  4:21  Stimpack, SCV  
  40  4:22  Orbital Command  
  40  4:24  Marine  
  42  4:35  SCV  
  42  4:41  Marine  
  42  4:45  Factory  
  43  4:51  SCV x2  
  47  4:59  Engineering Bay  
  49  5:00  Engineering Bay  
  49  5:01  Refinery  
  49  5:04  SCV x2  
  49  5:06  Orbital Command  
  47  5:09  Refinery  
  47  5:16  SCV x2, Marine  
  47  5:17  Marine x4  
  54  5:25  Terran Infantry Weapons Level 1  
  54  5:26  Terran Infantry Armor Level 1  
  54  5:28  SCV x2  
  54  5:33  Orbital Command  
  54  5:35  Starport  
  56  5:36  Factory Reactor  
  56  5:40  SCV  
  56  5:41  SCV, Marine  
  56  5:42  Marine  
  60  5:44  Marine x2  
  60  5:46  Marine  
  63  5:53  SCV x2  
  63  5:55  Supply Depot  
  65  5:59  SCV  
  65  6:00  Marine x2  
  65  6:02  Marine x2  
  70  6:05  SCV x2  
  70  6:06  Marine  
  70  6:08  Supply Depot  
  70  6:11  SCV  
  74  6:17  SCV x2  
  76  6:19  Factory Reactor  
  76  6:21  Combat Shields, Medivac x2  
  76  6:23  Marine x3  
  84  6:29  SCV  
  84  6:30  Supply Depot  
  84  6:31  Armory  
  84  6:35  SCV  
  84  6:36  SCV, Supply Depot  
  84  6:37  Marine  
  87  6:41  SCV  
  88  6:47  Marine  
  88  6:48  SCV x2, Marine  
  88  6:49  Marine  
  88  6:52  Medivac x2, Marine  
  88  6:53  SCV  
  99  6:54  Supply Depot  
  99  6:55  Widow Mine  
  99  6:57  Widow Mine  
  99  7:00  SCV x2  
  105  7:05  SCV  
  106  7:09  Marine x2  
  106  7:14  Barracks  
  106  7:15  Barracks  
  103  7:16  SCV x2  
  103  7:17  SCV  
  103  7:19  Supply Depot  
  103  7:22  Supply Depot  
  101  7:31  Terran Infantry Weapons Level 2, Terran Infantry Armor Level 2  
  101  7:32  Marine x5  
  106  7:38  SCV  
  106  7:39  SCV x2, Widow Mine x2  
  106  7:41  Medivac x2  
  117  7:49  Barracks  
  117  7:50  Barracks  
  117  7:57  Marine, Refinery  
  117  7:58  Marine x3, Barracks  
  118  8:02  Barracks Reactor  
  118  8:03  Barracks Reactor  
  118  8:04  Marine  
  120  8:09  Widow Mine x2  
  120  8:11  Medivac  
  126  8:12  Medivac  
  126  8:15  Marine x2  
  126  8:18  Supply Depot  
  126  8:19  Supply Depot  
  130  8:24  Marauder  
  130  8:25  Marine  
  133  8:39  Barracks Tech Lab, Barracks Reactor, Widow Mine x2, Supply Depot  
  133  8:40  Marine x3, Supply Depot  
  140  8:45  Barracks Reactor  
  140  8:46  Marauder  
  140  8:48  Supply Depot  
  140  8:49  Supply Depot  
  140  8:54  Marine  
  140  8:55  Marine x4  
  140  8:57  Medivac, Marine x3  
  140  9:00  Medivac  
  136  9:05  Marine  
  136  9:07  Marauder  
  139  9:10  Widow Mine x2  
  139  9:14  Marine x4  
  139  9:15  Marine x3  
  148  9:19  Missile Turret  
  148  9:21  Missile Turret  
  148  9:24  Marauder  
  148  9:27  Medivac  
  148  9:29  Marauder  
  148  9:30  Medivac  
  148  9:31  Marine x3  
  155  9:32  Marine  
  155  9:33  Marine x2  
  155  9:35  Marine  
  161  9:40  Supply Depot  
  161  9:42  Widow Mine x2  
  161  9:45  Marauder, Marine  
  167  9:46  Marine x4  
  167  9:48  Marine  
  167  9:49  Marine  
  159  10:09  Marauder x2  
  159  10:10  Marine x2  
  159  10:11  Widow Mine x2  
  159  10:12  Marine  
  159  10:13  Marine x6  
  157  10:16  Medivac  
  157  10:17  Medivac, Marine x3  
  155  10:28  Marine x2  
  137  10:30  Marine x4  
  137  10:31  Marine x2  
  137  10:32  Marine  
  137  10:33  Marine x2  
  137  10:35  Marine x3  
  144  10:46  Medivac x2, Marine  
  144  10:49  Marauder x2  
  153  10:51  Orbital Command  
  153  10:53  Widow Mine  
  153  10:54  Marine x3, Widow Mine  
  153  10:55  Marine  
  161  10:57  Marine  
  161  10:59  Marine  
  161  11:02  Marine  
  161  11:03  Marine x2  
  166  11:16  Medivac x2, Marine  
  166  11:17  Marauder x2, Marine x2  
  177  11:21  Marine  
  177  11:22  Marine x3  
  177  11:23  Marine  
  182  11:29  Widow Mine x2  
  182  11:32  Marine x3  
  188  11:36  Marine  
  181  11:46  Medivac x2  
  166  11:48  Marine  
  166  11:49  Marine x9  
  166  11:50  Marine x3  
  139  11:54  Marine  
Tags
 
Add a new tag
Caveats
  • Supply blocks, unpowered buildings, or Contaminate may cause inaccurate times.
  • Supply counts are checked every 10 seconds.